 Dungeon Sprint DCSS version 0.25.1-2-g60ff931 (webtiles) character file.

Game seed: 13072685502383631346

511 Camoybot the Carver (level 6, 0/68 HPs)
             Began as a Minotaur Berserker on Sept 13, 2020.
             Was a High Priest of Trog.
             Slain by an efreet
             ... wielding a +3 scimitar of flaming
              (1 damage)
             ... in the Dungeon (Sprint IX: "|||||||||||||||||||||||||||||").
             The game lasted 00:02:39 (171 turns).

Camoybot the Carver (Minotaur Berserker)             Turns: 171, Time: 00:02:40

Health: 0/68       AC: 12    Str: 26    XL:     6   Next: 99%
Magic:  5/5        EV: 13    Int:  4    God:    Trog [*****.]
Gold:   0          SH:  0    Dex: 10    Spells: 5/5 levels left

rFire    . . .     SeeInvis .   n - +2 scimitar (flame)
rCold    . . .     Gourm    .   (no shield)
rNeg     . . .     Faith    .   b - +1 scale mail
rPois    .         Spirit   .   (helmet restricted)
rElec    .         Reflect  .   (no cloak)
rCorr    .         Harm     .   o - +0 pair of gloves
MR       .....     NoTele   +   p - +0 pair of boots
Stlth    ..........             (no amulet)
HPRegen  0.21/turn              q - +3 ring of strength
MPRegen  0.09/turn              r - +2 ring of protection

@: berserk cooldown, slowed, very slow
A: retaliatory headbutt, horns 2
a: Berserk, Trog's Hand, Brothers in Arms, Renounce Religion


You were in the Dungeon.
You worshipped Trog.
Trog was extremely pleased with you.
You were not hungry.

You visited 1 branch

Inventory:

Hand Weapons
 n - a +2 scimitar of flaming (weapon)
Armour
 b - a +1 scale mail (worn)
 o - a +0 pair of gloves (worn)
 p - a +0 pair of boots (worn)
Jewellery
 q - a +3 ring of strength (left hand)
 r - a +2 ring of protection (right hand)
Wands
 m - a wand of iceblast (10)
Scrolls
 i - 2 scrolls of blinking
 l - 3 scrolls of remove curse
Potions
 d - 5 potions of curing
 e - 3 potions of heal wounds
 f - a potion of haste
 g - 4 potions of magic
 h - a potion of berserk rage
 k - a potion of invisibility
Comestibles
 c - a ration


   Skills:
 + Level 11.1 Fighting
 + Level 12.1 Long Blades
 + Level 5.3 Armour
 + Level 6.3 Dodging


You had 5 spell levels left.
You didn't know any spells.
Your spell library was empty.

Dungeon Overview and Level Annotations

Branches:
Dungeon (1/1)

Altars:
Cheibriados
Dithmenos
Elyvilon
Fedhas
Gozag
Hepliaklqana
Kikubaaqudgha
Makhleb
Nemelex Xobeh
Okawaru
Qazlal
Ru
Sif Muna
Trog
Uskayaw
Vehumet
Wu Jian
Xom
Yredelemnul
Zin
The Shining One
Beogh
Jiyva
Lugonu


Innate Abilities, Weirdness & Mutations

You reflexively headbutt those who attack you in melee.
You have a pair of horns on your head.


Message History

Your Fighting skill increases to level 11!
Your Long Blades skill increases to level 12!
The efreet hits you but does no damage.
You slash the efreet!
The efreet is moderately wounded.
The efreet gestures at you. The bolt of fire hits you!
* * * LOW HITPOINT WARNING * * *
Your scale mail prevents you from hitting the efreet.
The efreet is moderately wounded.
The shadow imp lashes its tail.
The efreet gestures at you. The bolt of fire hits you!
* * * LOW HITPOINT WARNING * * *
You hit the efreet.
The efreet is moderately wounded.
The efreet hits you with a +3 scimitar of flaming.
* * * LOW HITPOINT WARNING * * *
The efreet burns you.
You die...

▓.▓
▓[▓
▓)▓
▓†▓
▓.▓
▓.▓
▓.▓
▓.▓
▓@▓
▓R▓
▓5▓
▓Y▓
▓.▓
▓.▓
▓.▓
▓.▓


You could see a yak, an efreet and a shadow imp.

Vanquished Creatures
  An ice beast (D)
  A black bear (D)
  An ogre (D)
  A bullfrog (D)
  A scorpion (D)
  A howler monkey (D)
  A hound (D)
  2 worker ants (D)
  A shadow imp (D)
  A dart slug (D)
  2 leopard geckos (D)
  An orc (D)
  4 hobgoblins (D)
18 creatures vanquished.

Vanquished Creatures (others)
  A jelly (D)
1 creature vanquished.

Grand Total: 19 creatures vanquished

Notes
Turn   | Place    | Note
-------+----------+-------------------------------------------
     0 | D        | Camoybot the Minotaur Berserker began the quest for the
                  | Orb.
     0 | D        | Reached XP level 1. HP: 19/19 MP: 0/0
     5 | D        | Reached skill level 4 in Long Blades
     9 | D        | Reached ** piety under Trog
    17 | D        | Reached XP level 2. HP: 22/28 MP: 1/1
    22 | D        | Noticed a howler monkey
    29 | D        | Killed a howler monkey
    29 | D        | Reached skill level 6 in Long Blades
    29 | D        | Reached XP level 3. HP: 25/38 MP: 2/2
    31 | D        | Reached *** piety under Trog
    60 | D        | Found a roughly hewn altar of Beogh.
    60 | D        | Found a snail-covered altar of Cheibriados.
    60 | D        | Found a shadowy altar of Dithmenos.
    60 | D        | Found a white marble altar of Elyvilon.
    60 | D        | Found a blossoming altar of Fedhas.
    60 | D        | Found an opulent altar of Gozag.
    61 | D        | Found a hazy altar of Hepliaklqana.
    62 | D        | Found a viscous altar of Jiyva.
    63 | D        | Found an ancient bone altar of Kikubaaqudgha.
    64 | D        | Found a corrupted altar of Lugonu.
    65 | D        | Found a burning altar of Makhleb.
    66 | D        | Found a sparkling altar of Nemelex Xobeh.
    67 | D        | Found an iron altar of Okawaru.
    68 | D        | Found a stormy altar of Qazlal.
    69 | D        | Found a sacrificial altar of Ru.
    70 | D        | Found a shimmering blue altar of Sif Muna.
    71 | D        | Found a bloodstained altar of Trog.
    72 | D        | Found a hide-covered altar of Uskayaw.
    73 | D        | Found a radiant altar of Vehumet.
    74 | D        | Found an ornate altar of the Wu Jian Council.
    75 | D        | Found a shimmering altar of Xom.
    76 | D        | Found a basalt altar of Yredelemnul.
    77 | D        | Found a glowing silver altar of Zin.
    78 | D        | Found a glowing golden altar of the Shining One.
   140 | D        | Noticed an ogre
   140 | D        | Noticed a black bear
   140 | D        | Noticed an ice beast
   140 | D        | Noticed a scorpion
   143 | D        | Killed an ogre
   143 | D        | Reached **** piety under Trog
   143 | D        | Reached skill level 8 in Long Blades
   143 | D        | Reached XP level 4. HP: 24/48 MP: 3/3
   143 | D        | Reached XP level 5. HP: 27/53 MP: 4/4
   145 | D        | Reached skill level 9 in Long Blades
   148 | D        | Killed a black bear
   148 | D        | Reached skill level 10 in Long Blades
   148 | D        | Reached skill level 5 in Dodging
   148 | D        | Reached XP level 6. HP: 52/66 MP: 5/5
   155 | D        | Killed an ice beast
   155 | D        | Reached skill level 10 in Fighting
   155 | D        | Reached skill level 11 in Long Blades
   155 | D        | Reached skill level 5 in Armour
   157 | D        | Reached ***** piety under Trog
   164 | D        | Noticed an efreet
   164 | D        | Noticed a yak
   168 | D        | Reached skill level 12 in Long Blades
   171 | D        | HP: 1/68 [efreet/+3 scimitar of flaming (6)]
   171 | D        | Slain by an efreet

Illustrated notes

Levels and vault maps discovered:
D:        linesprint [early_d, line_temple, items_1, d_10, items_2, lair_1,
          lair_end, items_3, orc_1, orc_end, items_4, d_15, swamp_1, shoals_1,
          snake_1, spider_1, d_20, vaults_1, items_5, swamp_end, shoals_end,
          snake_end, spider_end, vaults_end, d_27, items_6, zot_1, zot_end,
          crypt_end, forest_end, elf_end, slime_end, tomb_end, abyss_end,
          pan_hell_end]

Skill      XL: |  1  2  3  4  5  6 |
---------------+-------------------+-----
Fighting       | 4 6 8 9 11 | 11.1
Long Blades    | 4 6 8 10 12 | 12.1
Armour         | 3 4 5 |  5.3
Dodging        | 3 4 5 6 |  6.3

Action                   |  1- 3 |  4- 6 || total
-------------------------+-------+-------++-------
Melee: Falchion          |    31 |       ||    31
       Headbutt          |    10 |     1 ||    11
       Scimitar          |     3 |    19 ||    22
Invok: Berserk           |       |     1 ||     1
Armor: Animal skin       |     2 |       ||     2
       Scale mail        |       |    11 ||    11
Dodge: Dodged            |    18 |     1 ||    19
       Rpst.: Falchion   |     3 |       ||     3
       Scimitar          |     1 |       ||     1
